 Dungeon Crawl Stone Soup version 0.22-a0-282-gdd34a7d (webtiles) character file.

447 neds the Firebug (level 7, -2/50 HPs)
             Began as a Gnoll Fire Elementalist on Mar 17, 2018.
             Was an Initiate of Okawaru.
             Killed from afar by an orc wizard (8 damage)
             ... with a magic dart
             ... on level 4 of the Dungeon.
             The game lasted 00:35:36 (6095 turns).

neds the Firebug (Gnoll Fire Elementalist)          Turns: 6095, Time: 00:35:37

Health: -2/50      AC:  5    Str: 12    XL:     7   Next: 3%
Magic:  15/15      EV: 13    Int: 18    God:    Okawaru [......]
Gold:   152        SH:  0    Dex: 15    Spells: 9/16 levels left

rFire    . . .     SeeInvis .   w - +0 short sword
rCold    . . .     Gourm    .   (no shield)
rNeg     . . .     Faith    .   u - +0 ring mail
rPois    .         Spirit   .   (no helmet)
rElec    .         Reflect  .   (no cloak)
rCorr    .         Harm     .   (no gloves)
MR       .....                  (no boots)
Stlth    ++........             (no amulet)
HPRegen  0.16/turn              (no ring)
MPRegen  0.14/turn              (no ring)

@: no status effects
A: distributed training, fangs 1, strong nose
a: Renounce Religion


You were on level 4 of the Dungeon.
You worshipped Okawaru.
Okawaru was noncommittal.
You were not hungry.

You visited 2 branches of the dungeon, and saw 6 of its levels.

You collected 152 gold pieces.

Inventory:

Hand Weapons
 d - a +0 hunting sling
 e - a +0 club
 i - a +0 whip
 p - a +1 dagger of venom
 w - a +0 short sword (weapon)
 E - a cursed +0 flail
 F - a +0 falchion
 G - a +0 battleaxe
Missiles
 r - 129 stones (quivered)
 z - 16 sling bullets
Armour
 a - a +0 robe
 h - a +0 scale mail
 l - a +0 pair of gloves
 u - a +0 ring mail (worn)
 A - a +0 large shield
Jewellery
 g - a +2 ring of protection {unknown}
 H - a cursed ring of teleportation {unknown}
Scrolls
 b - 2 scrolls of identify
 f - 3 scrolls of fog
 n - 2 scrolls of teleportation
 t - a scroll of remove curse
 y - 2 scrolls of random uselessness
 B - a scroll of enchant weapon
Potions
 j - a potion of agility {unknown}
 k - a potion of heal wounds {unknown}
 m - a potion of resistance {unknown}
 o - 2 potions of degeneration {unknown}
 q - 2 potions of curing {unknown}
 s - a potion of haste
 v - a potion of ambrosia {unknown}
 x - a potion of brilliance {unknown}
 D - a potion of invisibility {unknown}
Comestibles
 c - 9 rations


   Skills:
 + Level 2.2 Fighting
 + Level 2.2 Short Blades
 + Level 2.2 Long Blades
 + Level 2.2 Axes
 + Level 2.2 Maces & Flails
 + Level 2.2 Polearms
 + Level 2.2 Staves
 + Level 2.2 Slings
 + Level 2.2 Bows
 + Level 2.2 Crossbows
 + Level 2.2 Throwing
 + Level 2.2 Armour
 + Level 5.1 Dodging
 + Level 4.7 Stealth
 + Level 2.2 Shields
 + Level 2.2 Unarmed Combat
 + Level 5.4 Spellcasting
 + Level 2.8 Conjurations
 + Level 1.7 Hexes
 + Level 1.7 Charms
 + Level 1.7 Summonings
 + Level 1.7 Necromancy
 + Level 1.7 Translocations
 + Level 1.7 Transmutations
 + Level 5.7 Fire Magic
 + Level 1.7 Ice Magic
 + Level 1.7 Air Magic
 + Level 1.7 Earth Magic
 + Level 1.7 Poison Magic
 + Level 2.4 Invocations
 + Level 2.2 Evocations


You had 9 spell levels left.
You knew the following spells:

 Your Spells              Type           Power        Failure   Level  Hunger
a - Flame Tongue          Conj/Fire      ###..        4%          1    None
b - Throw Flame           Conj/Fire      ###...       7%          2    #......
c - Sticky Flame          Conj/Fire      ###.....     43%         4    ####...


Dungeon Overview and Level Annotations

Branches:
Dungeon (5/15)             Temple (1/1) D:4

Altars:
Ashenzari
Elyvilon
Fedhas
Gozag
Kikubaaqudgha
Okawaru
Ru
Trog
Uskayaw
Zin
The Shining One

Annotations:
D:3 Pawles22's ghost, amateur OgBe; Terence
D:4 Duvessa
D:5 Ijyb


Innate Abilities, Weirdness & Mutations

Your experience applies equally to all skills.
You have very sharp teeth.
Your uncanny sense of smell can sniff out nearby items.


Message History

The orc wizard gestures wildly while chanting.
The orc wizard flickers and vanishes!
You climb downwards.
A worker ant and Ijyb come into view.
Ijyb shouts!
Found a dagger.
There is a stone staircase leading up here.
Ijyb drinks a potion.
Ijyb seems to speed up.
You climb upwards.
Level annotation: Duvessa A magic dart appears from out of thin air!
The magic dart hits you!
* * * LOW HITPOINT WARNING * * *
A magic dart appears from out of thin air!
The magic dart hits you!
* * * LOW HITPOINT WARNING * * *
There is a stone staircase leading down here.
The orc wizard gestures at you while chanting.
The magic dart hits you!
You die...

# .........# ##
#.##.......# #
###'#...#.#..# #
..........<..###########
#.....#....o............
#.......o.o..###########
#.....#.###.############
#.#'#..>...{............
#.#.#.#@###########.##..
#.#.#.#.# ######.##.#
#.#.#'#'######...#......
#.#.....................
#.#..............#..⌠...
#..............#.#......
#..##'#'########......>.
#...#.#.# ###......
##÷.#.#.## ###..⌠...


You could see an orc wizard.

Vanquished Creatures
  An ogre (D:4)
  A scorpion (D:4)
  An orc priest (D:4)
  An orc wizard (D:4)
  A centaur skeleton (D:3)
  9 adders
  3 gnolls
  3 oozes
  4 worms
  2 leopard geckos (D:2)
  7 orcs
  9 bats
  4 giant cockroaches
  8 goblins
  7 hobgoblins
  2 jackals (D:1)
  8 kobolds
  4 quokkas
  A ball python (D:4)
  5 frilled lizards
  10 rats
91 creatures vanquished.

Notes
Turn   | Place    | Note
-------+----------+-------------------------------------------
     0 | D:1      | neds the Gnoll Fire Elementalist began the quest for the Orb.
     0 | D:1      | Reached XP level 1. HP: 13/13 MP: 6/6
   308 | D:1      | Reached XP level 2. HP: 18/19 MP: 4/7
  1047 | D:1      | Reached XP level 3. HP: 17/25 MP: 9/9
  1168 | D:1      | Reached skill level 5 in Spellcasting
  1494 | D:2      | Learned a level 2 spell: Throw Flame
  1527 | D:2      | Reached skill level 1 in Invocations
  1686 | D:2      | Reached skill level 1 in Fighting
  1686 | D:2      | Reached skill level 1 in Short Blades
  1686 | D:2      | Reached skill level 1 in Long Blades
  1686 | D:2      | Reached skill level 1 in Axes
  1686 | D:2      | Reached skill level 1 in Maces & Flails
  1686 | D:2      | Reached skill level 1 in Polearms
  1686 | D:2      | Reached skill level 1 in Staves
  1686 | D:2      | Reached skill level 1 in Slings
  1686 | D:2      | Reached skill level 1 in Bows
  1686 | D:2      | Reached skill level 1 in Crossbows
  1686 | D:2      | Reached skill level 1 in Throwing
  1686 | D:2      | Reached skill level 1 in Armour
  1686 | D:2      | Reached skill level 1 in Shields
  1686 | D:2      | Reached skill level 1 in Unarmed Combat
  1686 | D:2      | Reached skill level 1 in Evocations
  1822 | D:2      | Reached XP level 4. HP: 32/32 MP: 6/11
  2088 | D:2      | Found a shattered altar of Ashenzari.
  2344 | D:2      | Reached skill level 1 in Hexes
  2344 | D:2      | Reached skill level 1 in Charms
  2344 | D:2      | Reached skill level 1 in Summonings
  2344 | D:2      | Reached skill level 1 in Necromancy
  2344 | D:2      | Reached skill level 1 in Translocations
  2344 | D:2      | Reached skill level 1 in Transmutations
  2344 | D:2      | Reached skill level 1 in Ice Magic
  2344 | D:2      | Reached skill level 1 in Air Magic
  2344 | D:2      | Reached skill level 1 in Earth Magic
  2344 | D:2      | Reached skill level 1 in Poison Magic
  2685 | D:2      | Found a sacrificial altar of Ru.
  3029 | D:3      | Noticed Terence
  3073 | D:3      | Reached XP level 5. HP: 32/37 MP: 5/12
  3083 | D:3      | Learned a level 4 spell: Sticky Flame
  3184 | D:3      | Found a faded altar of an unknown god.
  3302 | D:3      | Found an opulent altar of Gozag.
  3319 | D:3      | Noticed Pawles22's ghost (amateur OgBe)
  4417 | D:4      | Reached XP level 6. HP: 40/44 MP: 4/13
  4600 | D:4      | Reached skill level 5 in Dodging
  4759 | D:4      | Noticed Duvessa
  5491 | D:4      | Found a staircase to the Ecumenical Temple.
  5897 | D:4      | Reached XP level 7. HP: 50/50 MP: 5/15
  5989 | Temple   | Entered the Ecumenical Temple
  6043 | Temple   | Became a worshipper of Warmaster Okawaru
  6092 | D:5      | Entered Level 5 of the Dungeon
  6092 | D:5      | Noticed Ijyb
  6095 | D:4      | Killed from afar by an orc wizard

Vault maps used:
D:1:      minmay_arrival_plants_in_alcoves, grunt_decor_resistance,
          serial_bayou_lagoon_a, supply_closet_lemuel
D:2:      ashenzari_conservatory_becter, nicolae_ru_path_of_blood
D:3:      nicolae_overflow_crystal_walls, chequers_ecumenical_altar_grove,
          uniq_terence
D:4:      black_bear_nest_1, minmay_temple_entry_large_hall, uniq_duvessa
D:5:      kennysheep_little_box, lemuel_crystal_altar,
          overflow_temple_1_default, first_ration, uniq_ijyb
Temple:   compressed_dpeg_triangle_lava_temple

Skill      XL: |  1  2  3  4  5  6 |
---------------+-------------------+-----
Conjurations   | 2 |  2.8
Spellcasting   | 5 |  5.4
Invocations    | 1 2 |  2.4
Fighting       | 1 2 |  2.2
Short Blades   | 1 2 |  2.2
Long Blades    | 1 2 |  2.2
Axes           | 1 2 |  2.2
Maces & Flails | 1 2 |  2.2
Polearms       | 1 2 |  2.2
Staves         | 1 2 |  2.2
Slings         | 1 2 |  2.2
Bows           | 1 2 |  2.2
Crossbows      | 1 2 |  2.2
Throwing       | 1 2 |  2.2
Armour         | 1 2 |  2.2
Shields        | 1 2 |  2.2
Unarmed Combat | 1 2 |  2.2
Evocations     | 1 2 |  2.2
Hexes          | 1 |  1.7
Charms         | 1 |  1.7
Summonings     | 1 |  1.7
Necromancy     | 1 |  1.7
Translocations | 1 |  1.7
Transmutations | 1 |  1.7
Ice Magic      | 1 |  1.7
Air Magic      | 1 |  1.7
Earth Magic    | 1 |  1.7
Poison Magic   | 1 |  1.7
Dodging        | 5 |  5.1
Stealth        | |  4.7
Fire Magic     | |  5.7

Action                   |  1- 3 |  4- 6 |  7- 9 || total
-------------------------+-------+-------+-------++-------
Melee: Club              |   103 |   124 |       ||   227
       Bite              |    11 |    24 |     1 ||    36
       Punch             |       |     1 |       ||     1
       Short sword       |       |    92 |     8 ||   100
 Fire: Hunting sling     |     8 |       |       ||     8
 Cast: Flame Tongue      |    19 |     2 |       ||    21
       Throw Flame       |     8 |    59 |       ||    67
  Use: Scroll            |       |     5 |       ||     5
 Stab: Sleeping          |     4 |    14 |       ||    18
  Eat: Chunk             |     3 |    13 |     1 ||    17
Armor: Robe              |    20 |     5 |       ||    25
       Ring mail         |       |    25 |     4 ||    29
Dodge: Dodged            |   103 |   152 |    12 ||   267

Table legend:
 A = Spawn XP
 B = Non-spawn XP
 C = Spawn XP percentage of total XP
 D = Spawn monster count
 E = Non-spawn monster count
 F = Spawn count percentage of total count
 G = Total turns spent on level
                    A         B        C        D         E        F      G
               +---------+---------+-------+---------+---------+-------+---------
         Total |       0 |     639 |   0.0 |       0 |      91 |   0.0 |  6095
               +---------+---------+-------+---------+---------+-------+---------
           D:1 |       0 |      38 |   0.0 |       0 |      20 |   0.0 |  1319
           D:2 |       0 |     109 |   0.0 |       0 |      32 |   0.0 |  1579
           D:3 |       0 |     121 |   0.0 |       0 |      22 |   0.0 |  1742
           D:4 |       0 |     371 |   0.0 |       0 |      17 |   0.0 |  1380
               +---------+---------+-------+---------+---------+-------+---------
